 Dungeon Crawl Stone Soup version 0.31-a0-222-gefeffbb62a (webtiles) character file.

Game seed: 2000410008587094312

765 qw the Skirmisher (level 7, -3/61 HPs)
             Began as a Minotaur Hexslinger on July 5, 2023.
             Succumbed to a gnoll sergeant's poison
             ... on level 5 of the Dungeon.
             The game lasted 00:02:00 (4322 turns).

qw the Skirmisher (Minotaur Hexslinger)             Turns: 4322, Time: 00:02:00

Health: -3/61      AC: 11    Str: 11 (14) XL:     7   Next: 51%
Magic:  2/7        EV: 11    Int:  9 (10) God:
Gold:   180        SH:  0    Dex: 13 (16) Spells: 7/8 levels left

rFire   . . .        Y - +0 orcbow
rCold   + + .        (shield currently unavailable)
rNeg    . . .        q - +0 leather armour of Fashionability {rC++ Str+2 Dex+3}
rPois   .            (helmet restricted)
rElec   .            k - +1 cloak
rCorr   +            d - +1 pair of gloves
SInv    .            (no boots)
Will    .....        l - amulet of guardian spirit
Stlth   +            m - ring of resist corrosion
HPRegen 0.30/turn    o - +4 ring of protection
MPRegen 0.10/turn

%: guardian spirit
@: lethally poisoned (-3 -> -26)
A: horns 2, retaliatory headbutt, clumsy 1
a: no special abilities


You were on level 5 of the Dungeon.
You visited 1 branch of the dungeon, and saw 5 of its levels.

You collected 213 gold pieces.
You spent 33 gold pieces at shops.


Innate Abilities, Weirdness & Mutations

You have a pair of horns on your head.
You reflexively headbutt those who attack you in melee.
You are clumsy. (Dex -2)


   Skills:
 - Level 5.0 Fighting
 + Level 8.2 Ranged Weapons
 - Level 1.0 Armour
 - Level 2.1 Dodging
 - Level 1.0 Spellcasting
 - Level 2.0 Hexes


You had 7 spell levels left.
You knew the following spells:

 Your Spells              Type           Power      Damage    Failure   Level
a - Slow                  Hex            16%        N/A       22%         1

Your spell library contained the following spells:

 Spells                   Type           Power      Damage    Failure   Level
 Inner Flame              Hex/Fire       2%         N/A       67%         3
 Portal Projectile        Hex/Tloc       4%         N/A       67%         3
 Cause Fear               Hex            2%         N/A       91%         4

Inventory:

Hand Weapons
 Y - a +0 orcbow (weapon)
Armour
 d - a +1 pair of gloves (worn)
 k - a +1 cloak (worn)
 q - the +0 leather armour of Fashionability (worn) {rC++ Str+2 Dex+3}
   (You found it on level 4 of the Dungeon)

   Str:       It affects your strength (+2).
   Dex:       It affects your dexterity (+3).
   rC:        It greatly protects you from cold.
 r - the +5 robe of Misfortune {Harm *Corrode *Slow EV+5}
   (You found it on level 4 of the Dungeon)

   EV:        It affects your evasion (+5).
   *Corrode:  It may corrode you when you take damage.
   *Slow:     It may slow you when you take damage.
   Harm:      It increases damage dealt and taken.
Jewellery
 l - an amulet of guardian spirit (around neck)
 m - a ring of resist corrosion (left hand)
 o - a +4 ring of protection (right hand)
Scrolls
 a - a scroll of identify
 b - a scroll of silence {unknown}
 e - a scroll of teleportation {unknown}
Potions
 c - 2 potions of mutation
 f - a potion of cancellation {unknown}
 g - a potion of haste
 h - 6 potions of curing
 n - a potion of enlightenment {unknown}
 p - a potion of resistance {unknown}

Dungeon Overview and Level Annotations

Branches:
Dungeon (5/15)
 Temple: D:4-7

Altars:
Fedhas
Qazlal
Sif Muna
Xom
The Shining One

Shops:
D:2 *

Annotations:
D:4 2 transporters, qw's ghost, amateur MiHs


Message History

The gnoll sergeant hits you from afar with a +1 trident of venom.
The gnoll closely misses you. The gnoll barely misses you.
You shoot an arrow. The arrow hits the gnoll.
You kill the gnoll!
You feel very sick.
The gnoll hits you from afar with a +0 spear.
The gnoll sergeant closely misses you.
You shoot an arrow.
The arrow hits the gnoll but does no damage.
The gnoll is heavily wounded.
You feel very sick.
The gnoll hits you from afar with a +1 heavy spear!
The gnoll sergeant barely misses you. The gnoll closely misses you.
4318 ||| DRINKING potion of heal wounds.
You feel much better.
You feel very sick.
The gnoll sergeant hits you from afar with a +1 trident of venom.
You are more poisoned.
The gnoll hits you but does no damage.
You shoot an arrow. The arrow hits the gnoll!
You kill the gnoll!
You feel very sick.
The gnoll sergeant hits you from afar with a +1 trident of venom!
You are lethally poisoned!
The gnoll hits you but does no damage.
You shoot an arrow. The arrow hits the gnoll sergeant.
The gnoll sergeant is lightly wounded.
You feel extremely sick.
The gnoll sergeant hits you but does no damage.
You are more poisoned.
The gnoll hits you but does no damage.
You shoot an arrow.
The arrow closely misses the gnoll sergeant.
You feel extremely sick. The gnoll sergeant barely misses you.
The gnoll hits you from afar with a +0 spear.
You shoot an arrow.
The arrow hits the gnoll sergeant but does no damage.
The gnoll sergeant is lightly wounded.
You die...

........#####......###...#
...........###....###.#..#
....)..........###..######
.................####
...###..........## ...##
##......#.# #...##
#.......##
#....###.........##
##..............@.#
##..........##.).# #
#.........# #gg)# #
##......## ##... ##
##....## #.#.# .# ##...##
#.?.# .###.....### ##...
............. ....
.....###.....


You could see a gnoll sergeant and a gnoll.

Vanquished Creatures
  An ice beast (D:5)
  A sky beast (D:3)
  A centaur (D:4)
  A phantom (D:4)
  A scorpion (D:4)
  2 hounds (D:4)
  An orc priest (D:5)
  An iguana (D:4)
  3 orc wizards
  3 gnolls (D:5)
  3 adders
  2 ufetubi (D:4)
  3 worms
  2 dart slugs (D:3)
  10 orcs
  9 ball pythons
  4 endoplasms
  6 giant cockroaches
  7 goblins
  11 hobgoblins
  2 jackals (D:1)
  8 kobolds
  3 quokkas
  7 bats
  4 frilled lizards
  3 rats
99 creatures vanquished.

Notes
Turn   | Place    | Note
-------+----------+-------------------------------------------
     0 | D:1      | qw the Minotaur Hexslinger began the quest for the Orb.
     0 | D:1      | Reached XP level 1. HP: 16/16 MP: 1/1
     0 | D:1      | 0 ||| qw: Version: 0.3-a-46-gb1f654a
     0 | D:1      | 0 ||| qw: Game counter: 1055
     0 | D:1      | 0 ||| qw: Melee chars always use a shield: true
     0 | D:1      | 0 ||| qw: God list: Okawaru
     0 | D:1      | 0 ||| qw: Allow faded altars: false
     0 | D:1      | 0 ||| qw: Do Orc after clearing Dungeon:15 true
     0 | D:1      | 0 ||| qw: Do second Lair branch before Depths: true
     0 | D:1      | 0 ||| qw: Lair rune preference: random
     0 | D:1      | 0 ||| qw: Goals: Normal
     0 | D:1      | 0 ||| PLANNING D:1-11
   161 | D:1      | Reached skill level 3 in Ranged Weapons
   166 | D:1      | Reached XP level 2. HP: 23/23 MP: 2/2
   542 | D:1      | 542 ||| UPGRADING to +0 ring mail.
   552 | D:1      | 552 ||| DROPPING +0 robe.
   553 | D:1      | 553 ||| UPGRADING to +0 cloak.
   558 | D:1      | 558 ||| READING 2 scrolls labelled BOTIOK SOHEU.
   559 | D:1      | 559 ||| READING 2 scrolls labelled KOREMA ROOKLEU.
   560 | D:1      | 560 ||| READING scroll of enchant armour.
   560 | D:1      | 560 ||| ENCHANTING +0 cloak.
   561 | D:1      | 561 ||| DRINKING 2 fuming brown potions.
   562 | D:1      | 562 ||| DRINKING 2 glowing yellow potions.
   563 | D:1      | 563 ||| DROPPING scroll of poison.
   601 | D:2      | Found Emecyim's General Store.
   605 | D:2      | 605 ||| SHOPLISTING +1 sling of freezing (106 gold, have
                  | 50).
   605 | D:2      | 605 ||| BUYING potion of curing (33 gold).
   605 | D:2      | Bought a potion of curing for 33 gold pieces
   605 | D:2      | 605 ||| SHOPLISTING scroll of brand weapon (104 gold, have
                  | 17).
   619 | D:2      | Found a faded altar of an unknown god.
   709 | D:2      | Reached XP level 3. HP: 29/29 MP: 3/3
  1199 | D:2      | 1199 ||| UPGRADING to ring of resist corrosion.
  1200 | D:2      | 1200 ||| UPGRADING to +4 ring of protection.
  1201 | D:2      | 1201 ||| READING scroll labelled FAROAR ORRO.
  1253 | D:2      | 1253 ||| READING 3 scrolls labelled TIPHIANAEM.
  1254 | D:2      | 1254 ||| READING scroll labelled LEKKAOM DIOSAMEA.
  1255 | D:2      | 1255 ||| READING 2 scrolls labelled ENOIX CEYDY.
  1256 | D:2      | 1256 ||| DRINKING 3 puce potions.
  1256 | D:2      | Gained mutation: You are clumsy. (Dex -2) [potion of
                  | mutation]
  1257 | D:2      | 1257 ||| READING 2 scrolls of identify.
  1257 | D:2      | 1257 ||| IDENTIFYING purple potion
  1258 | D:2      | 1258 ||| DROPPING potion of brilliance.
  1259 | D:2      | 1259 ||| DROPPING 2 scrolls of revelation.
  1260 | D:2      | 1260 ||| DROPPING scroll of noise.
  1330 | D:3      | Reached skill level 4 in Ranged Weapons
  1386 | D:3      | Found a shimmering altar of Xom.
  1415 | D:3      | Reached skill level 1 in Armour
  1504 | D:3      | Noticed a sky beast
  1518 | D:3      | HP: 6/29 [something (3)]
  1518 | D:3      | HP: 1/29 [something (5)]
  1521 | D:3      | Killed a sky beast
  1522 | D:3      | Reached skill level 5 in Ranged Weapons
  1522 | D:3      | Reached XP level 4. HP: 3/36 MP: 4/4
  1522 | D:3      | Reached XP level 5. HP: 3/41 MP: 5/5
  1857 | D:3      | Found a stormy altar of Qazlal.
  1858 | D:3      | Found a blossoming altar of Fedhas.
  2012 | D:3      | 2012 ||| Stepping ~*~*~tactically~*~*~ (outnumbered).
  2019 | D:3      | 2019 ||| Stepping ~*~*~tactically~*~*~ (outnumbered).
  2028 | D:3      | Reached skill level 3 in Fighting
  2206 | D:3      | Found a faded altar of an unknown god.
  2211 | D:3      | Found a shimmering blue altar of Sif Muna.
  2353 | D:3      | 2353 ||| UPGRADING to +0 pair of gloves.
  2358 | D:3      | 2358 ||| DROPPING ring of magical power.
  2359 | D:3      | 2359 ||| READING scroll labelled EKHLOT XYJAZ.
  2360 | D:3      | 2360 ||| READING scroll labelled RUDWAE UQYRIB.
  2572 | D:4      | Reached skill level 6 in Ranged Weapons
  2600 | D:4      | Noticed a centaur
  2605 | D:4      | 2605 ||| READING 2 scrolls of identify.
  2605 | D:4      | 2605 ||| IDENTIFYING silvery potion
  2711 | D:4      | Reached XP level 6. HP: 51/51 MP: 6/6
  2736 | D:4      | Found a glowing golden altar of the Shining One.
  2774 | D:4      | Found a transporter.
  2777 | D:4      | Noticed qw's ghost (amateur MiHs)
  2833 | D:4      | Found a transporter.
  2885 | D:4      | 2885 ||| UPGRADING to amulet of guardian spirit.
  2890 | D:4      | 2890 ||| READING scroll labelled PUAPRI YSHROITA.
  2894 | D:4      | 2894 ||| STAIRDANCE
  3042 | D:4      | Identified the +0 leather armour of Fashionability {rC++
                  | Str+2 Dex+3}
  3185 | D:4      | Found the +5 robe of Misfortune {Harm *Corrode *Slow EV+5}
  3217 | D:4      | Reached skill level 7 in Ranged Weapons
  3217 | D:4      | Reached XP level 7. HP: 33/60 MP: 2/7
  3377 | D:4      | 3377 ||| SWAPPING to +0 orcbow.
  3378 | D:4      | 3378 ||| DROPPING +2 sling.
  3497 | D:4      | 3497 ||| UPGRADING to +0 leather armour of Fashionability
                  | {rC++ Str+2 Dex+3}.
  3507 | D:4      | 3507 ||| DROPPING +0 ring mail.
  3508 | D:4      | 3508 ||| READING scroll labelled RIPOIBU MOSA.
  3509 | D:4      | 3509 ||| DRINKING 2 lumpy inky potions.
  3510 | D:4      | 3510 ||| READING 2 scrolls of identify.
  3510 | D:4      | 3510 ||| IDENTIFYING sapphire potion
  3511 | D:4      | 3511 ||| DROPPING potion of berserk rage.
  3512 | D:4      | 3512 ||| DROPPING potion of degeneration.
  3553 | D:5      | Entered Level 5 of the Dungeon
  4070 | D:5      | Reached skill level 8 in Ranged Weapons
  4118 | D:5      | 4118 ||| READING scroll of enchant armour.
  4118 | D:5      | 4118 ||| ENCHANTING +0 pair of gloves.
  4317 | D:5      | HP: 9/61 [gnoll/+1 heavy spear[a gnoll sergeant] (9)]
  4318 | D:5      | 4318 ||| DRINKING potion of heal wounds.
  4321 | D:5      | HP: 2/61 [poisoned by a gnoll sergeant]
  4322 | D:5      | Succumbed to a gnoll sergeant's poison

Levels and vault maps discovered:
D:1:      minmay_arrival_split_and_join, layout_basic
D:2:      layout_basic, serial_shops, shop, shapermc_ecumenical_altar_pompeii,
          minmay_tiny_reverse_x
D:3:      layout_loops_ring, grunt_temple_overflow_forces_of_nature,
          nicolae_overflow_ecumenical_swirl, mainiacjoe_overflow_24_doors,
          hangedman_feature_mirror, nrook_mini_backslash
D:4:      minmay_chambers_of_fours, layout_gridville,
          nicolae_overflow_crystal_walls, gammafunk_ghost_stat_death
D:5:      layout_layer_cave

Skill      XL: |  1  2  3  4  5  6  7 |
---------------+----------------------+-----
Ranged Weapons | 3 5 6 7 8 |  8.2
Fighting       | 2 3 4 5 |  5.0
Armour         | 1 |  1.0
Dodging        | |  2.1
Spellcasting   | |  1.0
Hexes          | |  2.0

Action                     |  1- 3 |  4- 6 |  7- 9 || total
---------------------------+-------+-------+-------++-------
   Fire: Sling             |   160 |   166 |       ||   326
         Orcbow            |       |       |    78 ||    78
    Use: Scroll            |     8 |     4 |     3 ||    15
         Potion            |     3 |       |     2 ||     5
 Armour: Ring mail         |    40 |    56 |       ||    96
         Robe              |     4 |       |       ||     4
         Leather armour    |       |       |    31 ||    31
  Dodge: Dodged            |    46 |    56 |    36 ||   138

Table legend:
 A = Non-vault XP
 B = Vault XP
 C = Vault XP percentage of total XP
 D = Non-vault monster count
 E = Vault monster count
 F = Vault count percentage of total count
                 A         B        C        D         E       F
            +---------+---------+-------+---------+---------+-------
      Total |     858 |     235 |  21.5 |      85 |      14 |  14.1
            +---------+---------+-------+---------+---------+-------
        D:1 |      33 |       0 |   0.0 |      20 |       0 |   0.0
        D:2 |      22 |       4 |  15.4 |      13 |       2 |  13.3
        D:3 |     212 |      15 |   6.6 |      22 |       6 |  21.4
        D:4 |     281 |     216 |  43.5 |      18 |       6 |  25.0
        D:5 |     310 |       0 |   0.0 |      12 |       0 |   0.0
            +---------+---------+-------+---------+---------+-------
